 Dungeon Crawl Stone Soup version 0.27.1-33-g824d729ab1 (webtiles) character file.

Game seed: 6435784346565009038

79 halfoni the Skirmisher (level 4, -1/49 HPs)
             Began as an Ogre Berserker on Dec 18, 2021.
             Was a Believer of Trog.
             Slain by a gnoll (9 damage)
             ... on level 2 of the Dungeon.
             The game lasted 00:03:19 (2159 turns).

halfoni the Skirmisher (Ogre Berserker)             Turns: 2159, Time: 00:03:20

Health: -1/49      AC:  3    Str: 22    XL:     4   Next: 38%
Magic:  4/4        EV: 10    Int:  8    God:    Trog [**....]
Gold:   8          SH:  0    Dex:  8    Spells: 3/3 levels left

rFire    . . .     SeeInvis .   a - +0 hand axe
rCold    . . .     Faith    .   (no shield)
rNeg     . . .     Spirit   .   f - +0 robe
rPois    .         Reflect  .   (helmet restricted)
rElec    .         Harm     .   (no cloak)
rCorr    .         Rampage  .   (gloves unavailable)
Will     .....                  (boots unavailable)
Stlth    +.........             (no amulet)
HPRegen  0.16/turn              (no ring)
MPRegen  0.09/turn              (no ring)

@: on berserk cooldown, slowed, very slow
A: large, unfitting armour, tough skin 1
a: Renounce Religion, Berserk, Trog's Hand


You were on level 2 of the Dungeon.
You worshipped Trog.
Trog was pleased with you.
You visited 1 branch of the dungeon, and saw 2 of its levels.

You collected 27 gold pieces.
You spent 19 gold pieces at shops.

Inventory:

Hand Weapons
 a - a +0 hand axe (weapon)
Armour
 f - a +0 robe (worn)
Potions
 c - 2 potions of curing {unknown}
 d - a potion of cancellation {unknown}
 e - a potion of ambrosia {unknown}


   Skills:
 + Level 4.9 Fighting
 + Level 3.8 Axes
 + Level 3.4 Dodging


You had 3 spell levels left.
You didn't know any spells.
Your spell library was empty.

Dungeon Overview and Level Annotations

Branches:
Dungeon (2/15)

Altars:
Kikubaaqudgha

Shops:
D:1 [   D:2 :


Innate Abilities, Weirdness & Mutations

You are too large for most types of armour.
You have tough skin. (AC +1)


Message History

The gnoll closely misses you. x2
A red film seems to cover your vision as you go berserk!
You feel yourself moving faster!
You feel mighty! The gnoll barely misses you.
The kobold hits you with a +0 whip.
The gnoll hits you from afar with a +0 spear.
You completely miss the gnoll. You slash the kobold!
You kill the kobold!
Trog accepts your kill.
The gnoll hits you from afar with a +0 halberd!
The gnoll hits you from afar with a +0 spear.
You slash the gnoll!
The gnoll is severely wounded.
The gnoll hits you from afar with a +0 spear.
You slash the gnoll!
You kill the gnoll!
Trog accepts your kill.
The gnoll hits you from afar with a +0 halberd!
The gnoll hits you from afar with a +0 spear. x2
You are too injured to fight recklessly!
You are too injured to fight recklessly!
You are too injured to fight recklessly!
You are too injured to fight recklessly!
Unknown command.
You see here a +0 dagger.
You feel a strong urge to attack something.
You feel your anger nearly subside.
You are no longer berserk.
You are exhausted.
You feel yourself slow down.
You see here a frilled lizard corpse.
The gnoll hits you but does no damage.
The gnoll hits you from afar with a +0 halberd!
* * * LOW HITPOINT WARNING * * *
The gnoll closely misses you.
The gnoll hits you from afar with a +0 spear.
* * * LOW HITPOINT WARNING * * *
The gnoll closely misses you.
The gnoll hits you from afar with a +0 spear.
* * * LOW HITPOINT WARNING * * *
The gnoll hits you from afar with a +0 spear!
You die...

#......†.###.#
#######......# #g######
#.# #g# #g# #.# #######.#
#.@.gggg# #.####### ###
#.# #.. #.# #.# #.# #.#
#######.###### #.###
.............########.#..
########.###.............
#.# ##########.#..


You could see 3 gnolls and a goblin.

Vanquished Creatures
  A gnoll (D:2)
  An adder (D:2)
  3 dart slugs
  5 endoplasms (D:1)
  A giant cockroach (D:1)
  13 goblins
  2 hobgoblins (D:1)
  3 jackals (D:2)
  2 quokkas (D:1)
  4 ball pythons (D:1)
  6 frilled lizards
  7 kobolds
  4 rats (D:1)
52 creatures vanquished.

Vanquished Creatures (others)
  A fungus (D:1)
1 creature vanquished.

Grand Total: 53 creatures vanquished

Notes
Turn   | Place    | Note
-------+----------+-------------------------------------------
     0 | D:1      | halfoni the Ogre Berserker began the quest for the Orb.
     0 | D:1      | Reached XP level 1. HP: 24/24 MP: 1/1
    40 | D:1      | Found a faded altar of an unknown god.
   229 | D:1      | Reached XP level 2. HP: 21/32 MP: 2/2
   732 | D:1      | Found Geybefog's Antique Armour Shop.
   749 | D:1      | Reached XP level 3. HP: 34/40 MP: 3/3
   879 | D:1      | You fall into a shaft and drop 1 floor!
   936 | D:2      | Reached ** piety under Trog
  1806 | D:1      | Bought a robe for 19 gold pieces
  1948 | D:2      | Reached XP level 4. HP: 46/49 MP: 4/4
  1974 | D:2      | Found an ancient bone altar of Kikubaaqudgha.
  2126 | D:2      | Found Kyscheg's Book Shop.
  2159 | D:2      | Slain by a gnoll

Illustrated notes

Levels and vault maps discovered:
D:1:      amcnicky_arrival_flooded_fountain, layout_basic,
          basic_ecumenical_altar, serial_shops, shop, minmay_shallow_snake_nest
D:2:      layout_loops_ring, basic_altar, serial_shops, shop_statue, uniq_robin

Skill      XL: |  1  2 |
---------------+-------+-----
Dodging        | 3 |  3.4
Fighting       | |  4.9
Axes           | |  3.8

Action                   |  1- 3 |  4- 6 || total
-------------------------+-------+-------++-------
Melee: Hand axe          |   119 |    17 ||   136
Invok: Berserk           |     2 |     2 ||     4
Armor: Animal skin       |    37 |       ||    37
       Robe              |     1 |     2 ||     3
Dodge: Dodged            |    51 |     9 ||    60
